 Dungeon Crawl Stone Soup version 0.23-a0-408-g9d4b7edeb2 (webtiles) character file.

1751 runewalsh the Conjurer (level 9, -5/56 HPs)
             Began as an Octopode Wizard on Nov 8, 2018.
             Was a Priest of Elyvilon.
             Slain by Joseph the komodo dragon (shapeshifter) (7 damage)
             ... on level 7 of the Dungeon.
             The game lasted 00:13:01 (4989 turns).

runewalsh the Conjurer (Octopode Wizard)            Turns: 4989, Time: 00:13:02

Health: -5/56      AC:  1    Str:  7    XL:     9   Next: 6%
Magic:  11/17      EV: 13    Int: 23    God:    Elyvilon [***...]
Gold:   351        SH:  0    Dex: 10    Spells: 10/19 levels left

rFire    . . .     SeeInvis .   w - +2 dagger (venom)
rCold    . . .     Gourm    .   (no shield)
rNeg     . . .     Faith    .   a - +0 hat
rPois    .         Spirit   .   h - amulet of harm
rElec    .         Reflect  .   (no ring)
rCorr    .         Harm     +   (no ring)
MR       .....                  (no ring)
Stlth    +++.......             (no ring)
HPRegen  0.18/turn              (no ring)
MPRegen  0.15/turn              (no ring)
                                (no ring)
                                (no ring)

@: very slightly contaminated
A: almost no armour, stealthy swim, amphibious, 8 rings, constrict 8, camouflage
1, gelatinous body 1
a: Lesser Healing, Heal Other, Purification, Divine Protection, Renounce
Religion


You were on level 7 of the Dungeon.
You worshipped Elyvilon.
Elyvilon was most pleased with you.
You were not hungry.

You visited 1 branch of the dungeon, and saw 7 of its levels.

You collected 351 gold pieces.

Inventory:

Hand Weapons
 w - a +2 dagger of venom (weapon)
Armour
 a - a +0 hat (worn)
 v - a +0 buckler
Jewellery
 h - an amulet of harm (around mantle)
 y - an uncursed ring of fire
Wands
 p - a wand of polymorph (4)
 q - a wand of clouds (7)
Scrolls
 b - 2 scrolls of fog {unknown}
 e - 3 scrolls of teleportation
 g - 4 scrolls of remove curse {unknown}
 i - 2 scrolls of fear {unknown}
 j - 3 scrolls of random uselessness {unknown}
 k - 2 scrolls of amnesia {unknown}
 m - 3 scrolls of magic mapping {unknown}
 o - 11 scrolls of identify
 s - a scroll of noise {unknown}
 t - 2 scrolls of blinking {unknown}
Potions
 f - 2 potions of curing
 l - 2 potions of resistance
 n - 3 potions of lignification
 r - a potion of heal wounds {unknown}
 u - a potion of invisibility {unknown}
Comestibles
 c - 9 rations


   Skills:
 - Level 3.0 Fighting
 - Level 2.0 Dodging
 + Level 3.4 Stealth
 + Level 1.2 Shields
 + Level 5.8 Spellcasting
 * Level 7.8 Conjurations
   Level 1.0 Summonings
 - Level 1.0 Translocations
 - Level 1.0 Fire Magic
 - Level 1.1 Air Magic
 - Level 2.2 Poison Magic
 + Level 3.7 Evocations


You had 10 spell levels left.
You knew the following spells:

 Your Spells              Type           Power        Failure   Level  Hunger
a - Magic Dart            Conj           ####         1%          1    None
c - Blink                 Tloc           N/A          9%          2    None
d - Mephitic Cloud        Conj/Pois/Air  ###.....     6%          3    #......
F - Conjure Flame         Conj/Fire      ####....     4%          3    #......

Your spell library contained the following spells:

 Spells                   Type           Power        Failure   Level  Hunger
 Dazzling Spray           Conj/Hex       ###...       5%          3    #......
 Corona                   Hex            #......      9%          1    None
 Call Imp                 Summ           ##......     9%          2    None
 Ensorcelled Hibernation  Hex/Ice        #.....       13%         2    None
 Slow                     Hex            #.......     13%         2    None
 Confuse                  Hex            #.......     26%         3    #......
 Tukima's Dance           Hex            #.......     26%         3    #......


Dungeon Overview and Level Annotations

Branches:
Dungeon (7/15)
 Temple: D:4-7

Altars:
Cheibriados
Elyvilon
Wu Jian

Annotations:
D:2 Sigmund
D:5 1 runed door, exclusion: door
D:6 exclusion: hound, Eustachio
D:7 Joseph


Innate Abilities, Weirdness & Mutations

You cannot wear most types of armour.
You are very stealthy in the water. (Stealth+)
You are amphibious.
You can wear up to eight rings at the same time.
You can use your tentacles to constrict eight enemies at once.
Your skin changes colour to match your surroundings (Stealth+).
Your rubbery body absorbs attacks. (AC +1, EV +1)


Message History

Press: ? - help, Shift-Dir - straight line, f/p - Joseph
Aim: Joseph the komodo dragon shaped shifter The ball explodes into a vile cloud!
The stinking cloud engulfs Joseph.
Joseph is engulfed in noxious fumes.
Joseph appears confused.
Joseph is engulfed in noxious fumes.
You catch Joseph completely off-guard!
You hit Joseph.
Joseph is poisoned.
You squeeze Joseph.
Joseph is lightly wounded.
You hit Joseph but do no damage.
Joseph looks as sick as possible!
Joseph is lightly wounded.
Joseph bites you!!
Ouch! That really hurt!
* * * LOW HITPOINT WARNING * * *
You barely miss Joseph.
Joseph is moderately wounded.
Okay, then.
You hit Joseph but do no damage.
Joseph looks as sick as possible!
Joseph is moderately wounded.
Joseph seems less confused.
Joseph bites you.
You die...

... # #.# # .. >..#
#.#.# #.#.##...
#.#.###.#......
#...o.........# #
#...)....##.#######..#
#@###.#..##....<.....#
#.# .#..##.#..........
#@###.#)...@l.#####.###
#...<.....[.........#
#####.#####.#########
#... ...# ########


You could see Joseph the komodo dragon shaped shifter.

Vanquished Creatures
  An orc warrior (D:7)
  2 ice beasts
  4 ogres
  A centaur (D:5)
  2 bullfrogs (D:6)
  A killer bee (D:5)
  A crimson imp (D:5)
  A jelly (D:5)
  3 orc priests
  2 hounds
  10 orc wizards
  2 iguanas
  5 worker ants
  A howler monkey zombie (D:5)
  A gnoll (D:1)
  6 adders
  A howler monkey skeleton (D:5)
  3 shadow imps
  An ooze (D:5)
  An adder skeleton (D:4)
  6 worms
  3 dart slugs
  A leopard gecko (D:3)
  21 orcs
  4 bats
  5 giant cockroaches
  8 goblins
  5 hobgoblins
  A quokka (D:5)
  2 frilled lizards (D:1)
  9 kobolds
  9 rats
123 creatures vanquished.

Notes
Turn   | Place    | Note
-------+----------+-------------------------------------------
     0 | D:1      | runewalsh the Octopode Wizard began the quest for the Orb.
     0 | D:1      | Reached XP level 1. HP: 11/11 MP: 4/4
    91 | D:1      | Reached XP level 2. HP: 10/17 MP: 1/6
   174 | D:1      | Reached skill level 2 in Conjurations
   395 | D:1      | Reached XP level 3. HP: 21/21 MP: 5/7
   405 | D:1      | Learned a level 3 spell: Mephitic Cloud
   408 | D:1      | Learned a level 2 spell: Blink
   823 | D:2      | Noticed Sigmund
  1011 | D:2      | Reached skill level 3 in Conjurations
  1060 | D:2      | Found a white marble altar of Elyvilon.
  1072 | D:2      | Became a worshipper of Elyvilon the Healer
  1109 | D:2      | Reached XP level 4. HP: 21/27 MP: 3/9
  1534 | D:3      | Reached * piety under Elyvilon
  1570 | D:3      | Was placed under penance by Elyvilon
  1610 | D:3      | Was forgiven by Elyvilon
  1927 | D:3      | Learned a level 3 spell: Conjure Flame
  1936 | D:4      | Reached XP level 5. HP: 28/31 MP: 3/10
  2094 | D:4      | Noticed an ogre
  2105 | D:4      | Killed an ogre
  2105 | D:4      | Reached skill level 4 in Conjurations
  2105 | D:4      | Reached skill level 1 in Fire Magic
  2105 | D:4      | Reached skill level 1 in Air Magic
  2105 | D:4      | Reached skill level 1 in Poison Magic
  2105 | D:4      | Reached XP level 6. HP: 12/36 MP: 4/12
  2233 | D:4      | Reached ** piety under Elyvilon
  2345 | D:4      | Noticed an ice beast
  2484 | D:4      | Killed an ice beast
  2587 | D:4      | Reached skill level 5 in Conjurations
  2790 | D:5      | Entered Level 5 of the Dungeon
  2791 | D:5      | Reached XP level 7. HP: 41/41 MP: 13/13
  3042 | D:5      | Reached skill level 6 in Conjurations
  3108 | D:5      | Reached skill level 1 in Evocations
  3293 | D:5      | Reached skill level 5 in Spellcasting
  3311 | D:5      | Reached skill level 1 in Fighting
  3311 | D:5      | Reached XP level 8. HP: 19/48 MP: 4/15
  3559 | D:5      | Reached skill level 7 in Conjurations
  3804 | D:5      | Reached *** piety under Elyvilon
  3928 | D:5      | Found a runed door.
  4277 | D:6      | Noticed Eustachio
  4527 | D:6      | Found a snail-covered altar of Cheibriados.
  4673 | D:6      | Found an ornate altar of the Wu Jian Council.
  4916 | D:7      | Noticed Joseph
  4923 | D:7      | Reached skill level 1 in Shields
  4923 | D:7      | Reached XP level 9. HP: 49/56 MP: 13/17
  4979 | D:7      | Noticed Joseph
  4979 | D:7      | Joseph changed into Joseph the shapeshifter
  4980 | D:7      | Noticed Joseph
  4980 | D:7      | Joseph the shapeshifter changed into Joseph the komodo
                  | dragon
  4985 | D:7      | HP: 1/56 [Joseph the komodo dragon (shapeshifter) (34)]
  4989 | D:7      | Slain by Joseph the komodo dragon (shapeshifter)

Vault maps used:
D:1:      dpeg_arrival_tiny_g, minmay_misc_feat_rugged
D:2:      elyvilon_altar_3, kennysheep_boxes, uniq_sigmund
D:3:      minmay_misc_feat_square
D:4:      first_ration, chequers_serial_rivers_micro_c
D:5:      minmay_small_thing, uniq_crazy_yiuf_cottage
D:6:      lemuel_ice_spiral_2, basic_altar, cheibriados_altar_1, uniq_eustachio
D:7:      minmay_temple_entry_hall, uniq_joseph

Skill      XL: |  1  2  3  4  5  6  7  8 |
---------------+-------------------------+-----
Conjurations   | 2 3 4 5 6 7 |  7.8
Spellcasting   | 4 5 |  5.8
Fire Magic     | 1 |  1.0
Air Magic      | 1 |  1.1
Poison Magic   | 1 2 |  2.2
Evocations     | 1 3 |  3.7
Fighting       | 1 3 |  3.0
Stealth        | 3 |  3.4
Shields        | 1 |  1.2
Dodging        | |  2.0
Summonings     | |  1.0
Translocations | |  1.0

Action                   |  1- 3 |  4- 6 |  7- 9 || total
-------------------------+-------+-------+-------++-------
Melee: Whip              |    10 |       |       ||    10
       Unarmed           |     3 |       |       ||     3
       Constrict         |     8 |    14 |    33 ||    55
       Dagger            |    11 |    46 |   144 ||   201
       Tentacles         |     3 |     9 |    16 ||    28
 Cast: Magic Dart        |    47 |    64 |    47 ||   158
       Mephitic Cloud    |     3 |     4 |    24 ||    31
       Conjure Flame     |       |     3 |     3 ||     6
Invok: Divine Protection |       |     1 |       ||     1
       Heal Other        |       |     1 |       ||     1
Evoke: Wand              |       |       |     3 ||     3
  Use: Scroll            |     2 |       |       ||     2
       Potion            |       |     1 |     5 ||     6
 Stab: Sleeping          |     3 |     5 |     2 ||    10
       Confused          |       |       |     4 ||     4
  Eat: Chunk             |       |     7 |     8 ||    15
Armor: Skin              |     4 |     3 |    38 ||    45
Dodge: Dodged            |    14 |    26 |    46 ||    86

Table legend:
 A = Non-vault XP
 B = Vault XP
 C = Vault XP percentage of total XP
 D = Non-vault monster count
 E = Vault monster count
 F = Vault count percentage of total count
                 A         B        C        D         E       F
            +---------+---------+-------+---------+---------+-------
      Total |    2441 |      59 |   2.4 |     122 |       1 |   0.8
            +---------+---------+-------+---------+---------+-------
        D:1 |      52 |       0 |   0.0 |      22 |       0 |   0.0
        D:2 |      43 |       0 |   0.0 |      14 |       0 |   0.0
        D:3 |      54 |       0 |   0.0 |      14 |       0 |   0.0
        D:4 |     495 |       0 |   0.0 |      18 |       0 |   0.0
        D:5 |    1098 |      59 |   5.1 |      38 |       1 |   2.6
        D:6 |     563 |       0 |   0.0 |      13 |       0 |   0.0
        D:7 |     136 |       0 |   0.0 |       3 |       0 |   0.0
            +---------+---------+-------+---------+---------+-------
